Edmonton Oilers vs Chicago Black Hawks
Created - Monday, June 19, 2023 at 07:02
Goals
|
| Edmonton Oilers |
2 |
0 |
0 |
0 |
2 |
| Chicago Black Hawks |
1 |
1 |
0 |
1 |
3 |
|
Shots
|
| Edmonton Oilers |
17 |
7 |
8 |
0 |
32 |
| Chicago Black Hawks |
14 |
11 |
12 |
1 |
38 |
|
1st period
1. Chicago Black Hawks , Seth Jones 6 (Devon Toews 28, Travis Konecny 29) at 6:06
2. Edmonton Oilers , Jamie Benn 28 (Anton Stralman 20, Adrian Kempe 37) at 7:52
3. Edmonton Oilers , Jeff Carter 21 (Damon Severson 19, Jamie Benn 43) at 11:15
Penalties :
No Penalty
2nd period
4. Chicago Black Hawks , Matt Duchene 36 (Steven Stamkos 54) at 13:33
Penalties :
Jakob Silfverberg (EDM) for Tripping (Minor) at 10:25, Boone Jenner (EDM) for Hooking (Minor) at 14:48
3rd period
No Goal
Penalties :
Jacob Trouba (EDM) for Holding (Minor) at 0:51, Adrian Kempe (EDM) for Tripping (Minor) at 7:25, Brandon Carlo (EDM) for High sticking (Minor) at 10:10, Matthew Tkachuk (CHI) for Hooking (Minor) at 16:26
Overtime #1
5. Chicago Black Hawks , Bo Horvat 23 (Seth Jones 27, Bryan Rust 12) at 0:57
Penalties :
No Penalty
Goalie Stats
Jonathan Quick (EDM), 35 saves from 38 shots - (0.921), OTL, 23-21-4, 60:57 minutes
Ilya Sorokin (CHI), 30 saves from 32 shots - (0.938), W, 35-18-5, 60:57 minutes
Players Stats for Edmonton Oilers
Player Name G A P +/- PIM S H SB GA TA FO MP PP MP PK MP
------------------------------------------------------------------------------------
Adrian Kempe 0 1 1 2 2 8 1 0 1 0 0/0 15:45 1:06 0:00
Anton Stralman 0 1 1 -1 0 0 0 1 0 0 0/0 20:07 0:00 4:26
Boone Jenner 0 0 0 -1 2 2 2 0 0 1 19/25 18:50 1:00 3:42
Brandon Carlo 0 0 0 1 2 1 3 0 0 0 0/0 14:15 0:00 0:08
Brett Pesce 0 0 0 -1 0 2 1 1 0 2 0/0 21:29 0:00 5:29
Brock Boeser 0 0 0 -1 0 1 0 0 1 1 1/1 13:34 0:59 0:00
Cam Atkinson 0 0 0 -1 0 4 0 1 1 0 1/2 14:23 0:53 0:00
Damon Severson 0 1 1 -1 0 2 1 1 1 0 0/0 24:28 1:06 4:26
David Perron 0 0 0 -2 0 1 3 0 1 0 0/0 15:01 1:00 0:15
Duncan Keith 0 0 0 1 0 0 0 1 0 1 0/0 16:11 0:00 1:19
Jacob Trouba 0 0 0 -1 2 2 2 1 0 1 0/0 23:22 0:53 4:02
Jakob Silfverberg 0 0 0 0 2 0 0 0 0 0 0/1 12:04 0:00 3:53
Jakub Voracek 0 0 0 -1 0 2 0 1 0 0 0/1 13:05 0:40 0:00
Jamie Benn 1 1 2 2 0 2 0 0 1 0 1/1 15:05 0:59 0:00
Jeff Carter 1 0 1 2 0 2 2 1 1 1 12/22 19:00 0:20 4:53
Mikael Backlund 0 0 0 0 0 2 0 0 0 0 3/10 12:59 0:00 4:47
Paul Stastny 0 0 0 -1 0 0 1 0 1 2 0/0 9:09 0:00 0:41
Ryan Getzlaf 0 0 0 -1 0 1 1 0 0 1 3/11 15:01 0:59 1:39
Players Stats for Chicago Black Hawks
Player Name G A P +/- PIM S H SB GA TA FO MP PP MP PK MP
------------------------------------------------------------------------------------
Bo Horvat 1 0 1 2 0 5 1 0 1 0 7/13 17:58 3:59 0:37
Brent Burns 0 0 0 0 0 3 0 0 0 1 0/0 23:32 6:03 0:56
Bryan Rust 0 1 1 1 0 3 0 0 2 1 0/1 9:07 0:00 0:00
Chris Kreider 0 0 0 1 0 3 1 0 2 0 0/2 17:56 3:59 0:46
Devon Toews 0 1 1 0 0 0 1 1 0 1 0/0 21:35 3:52 1:03
Lawson Crouse 0 0 0 0 0 1 0 1 0 0 0/0 10:08 0:00 0:58
Matt Duchene 1 0 1 0 0 7 2 0 2 0 2/4 22:17 5:53 0:00
Matthew Tkachuk 0 0 0 0 2 0 2 0 1 1 0/0 20:22 3:59 0:00
Mikhail Sergachev 0 0 0 0 0 1 1 0 0 1 0/0 20:04 3:52 0:56
Nicolas Hague 0 0 0 1 0 2 2 0 0 1 0/0 15:50 0:00 0:00
Nikolaj Ehlers 0 0 0 -1 0 1 1 0 0 0 1/1 10:15 0:08 0:00
Phillip Danault 0 0 0 -1 0 0 0 0 0 0 3/6 10:30 0:00 0:18
Pius Suter 0 0 0 0 0 3 0 0 0 0 2/6 10:06 0:03 0:58
Rasmus Andersson 0 0 0 0 0 0 0 1 0 1 0/0 15:04 0:00 0:00
Seth Jones 1 1 2 1 0 2 1 1 0 0 0/0 25:49 6:03 1:03
Steven Stamkos 0 1 1 0 0 2 2 1 2 0 18/40 22:38 5:53 0:21
Travis Konecny 0 1 1 1 0 2 2 1 0 0 0/0 13:10 0:00 0:00
Vladimir Tarasenko 0 0 0 -1 0 3 2 1 0 1 1/1 15:27 5:51 0:00
3 Stars
1 - Seth Jones (CHI)
2 - Jamie Benn (EDM)
3 - Bo Horvat (CHI)
Power Play
Edmonton Oilers - 0 on 1 Attempt(s) - 0.00%
Chicago Black Hawks - 0 on 5 Attempt(s) - 0.00%
Penalty Kill
Edmonton Oilers - 5 on 5 Attempt(s) - 100.00%
- Score 0 goal in Penalty Kill
Chicago Black Hawks - 1 on 1 Attempt(s) - 100.00%
- Score 0 goal in Penalty Kill
Team Stat
Edmonton Oilers - Hits : 17 - Faceoff Wins : 40 - Blocked Shots : 8 - Penalty Minutes : 10
Chicago Black Hawks - Hits : 18 - Faceoff Wins : 34 - Blocked Shots : 7 - Penalty Minutes : 2
Official
Referees : Justin StPierre and Jacob Brenk
Linesman : Shane Heyer and Devin Berg
Game Notes
No Game Note
Finance
Level 1 -- Attendance: 4609 (76.82%) -- Ticket Income $460,900
Level 2 -- Attendance: 4020 (80.40%) -- Ticket Income $241,200
Level 3 -- Attendance: 2551 (85.03%) -- Ticket Income $89,285
Level 4 -- Attendance: 3899 (77.98%) -- Ticket Income $97,475
Luxury Box -- Attendance: 884 (88.40%) -- Ticket Income $176,800
Game was played at the United Center.
Total Attendance: 15963 (79.82%)
Total Ticket Income: $1,065,660
Other Income: $372,981
Total Income: $1,438,641
Edmonton Oilers
5 vs 5 Forward
Center Left Wing Right Wing Time % Phy DF OF
1 Jeff Carter Jamie Benn Adrian Kempe 30 1 2 2
2 Boone Jenner David Perron Cam Atkinson 30 1 2 2
3 Ryan Getzlaf Jakub Voracek Brock Boeser 25 1 2 2
4 Mikael Backlund Paul Stastny Jakob Silfverberg 15 1 2 2
5 vs 5 Defense
Defense Defense Time % Phy DF OF
1 Damon Severson Anton Stralman 32 1 2 2
2 Brett Pesce Jacob Trouba 32 1 2 2
3 Duncan Keith Brandon Carlo 26 1 3 1
4 Damon Severson Jacob Trouba 10 0 2 3
PowerPlay Forward
Center Left Wing Right Wing Time % Phy DF OF
1 Boone Jenner David Perron Jakub Voracek 50 0 0 5
2 Ryan Getzlaf Jamie Benn Brock Boeser 50 0 0 5
PowerPlay Defense
Defense Defense Time % Phy DF OF
1 Damon Severson Adrian Kempe 50 0 1 4
2 Jacob Trouba Cam Atkinson 50 0 1 4
Penalty Kill 4 Players Forward
Center Wing Time % Phy DF OF
1 Mikael Backlund Jakob Silfverberg 50 1 4 0
2 Jeff Carter Boone Jenner 50 1 4 0
Penalty Kill 4 Players Defense
Defense Defense Time % Phy DF OF
1 Anton Stralman Damon Severson 50 1 4 0
2 Brett Pesce Jacob Trouba 50 1 4 0
Penalty Kill - 3 Players Forward
Forward Time % Phy DF OF
1 Mikael Backlund 50 1 2 2
2 Jakob Silfverberg 50 1 4 0
Penalty Kill - 3 Players Defense
Defense Defense Time % Phy DF OF
1 Anton Stralman Damon Severson 50 1 2 2
2 Brett Pesce Jacob Trouba 50 1 4 0
4 vs 4 Forward
Center Wing Time % Phy DF OF
1 Boone Jenner Adrian Kempe 50 0 2 3
2 Paul Stastny David Perron 50 0 2 3
4 vs 4 Defense
Defense Defense Time % Phy DF OF
1 Damon Severson Duncan Keith 50 0 3 2
2 Jacob Trouba Brett Pesce 50 1 2 2
Last Minutes Offensive
Center Left Wing Right Wing Defense Defense
Boone Jenner Jamie Benn David Perron Damon Severson Jacob Trouba
Last Minutes Defensive
Center Left Wing Right Wing Defense Defense
Boone Jenner Mikael Backlund Jakob Silfverberg Anton Stralman Brandon Carlo
Goaltenders
Starting : Jonathan Quick
Backup : Juuse Saros
Extra Forwards
Normal : Boone Jenner, Jamie Benn, Adrian Kempe - PP : Jeff Carter, Paul Stastny - PK : Ryan Getzlaf
Extra Defensemen
Normal : Jacob Trouba, Damon Severson, Brett Pesce - PP : Brett Pesce - PK : Duncan Keith, Jacob Trouba
Penalty Shots
Boone Jenner, Jamie Benn, Adrian Kempe, David Perron, Jakob Silfverberg
Chicago Black Hawks
5 vs 5 Forward
Center Left Wing Right Wing Time % Phy DF OF
1 Steven Stamkos Matt Duchene Matthew Tkachuk 40 0 1 4
2 Bo Horvat Travis Konecny Chris Kreider 30 1 1 3
3 Phillip Danault Nikolaj Ehlers Vladimir Tarasenko 20 0 2 3
4 Pius Suter Bryan Rust Lawson Crouse 10 0 3 2
5 vs 5 Defense
Defense Defense Time % Phy DF OF
1 Brent Burns Mikhail Sergachev 35 0 3 2
2 Seth Jones Devon Toews 35 0 3 2
3 Rasmus Andersson Nicolas Hague 30 0 4 1
4 Devon Toews Rasmus Andersson 0 0 2 3
PowerPlay Forward
Center Left Wing Right Wing Time % Phy DF OF
1 Steven Stamkos Vladimir Tarasenko Matt Duchene 60 0 0 5
2 Bo Horvat Matthew Tkachuk Chris Kreider 40 0 0 5
PowerPlay Defense
Defense Defense Time % Phy DF OF
1 Brent Burns Seth Jones 60 0 0 5
2 Devon Toews Mikhail Sergachev 40 0 0 5
Penalty Kill 4 Players Forward
Center Wing Time % Phy DF OF
1 Pius Suter Lawson Crouse 60 0 5 0
2 Phillip Danault Chris Kreider 40 0 5 0
Penalty Kill 4 Players Defense
Defense Defense Time % Phy DF OF
1 Devon Toews Seth Jones 60 0 5 0
2 Brent Burns Mikhail Sergachev 40 0 5 0
Penalty Kill - 3 Players Forward
Forward Time % Phy DF OF
1 Pius Suter 60 0 5 0
2 Phillip Danault 40 0 5 0
Penalty Kill - 3 Players Defense
Defense Defense Time % Phy DF OF
1 Seth Jones Mikhail Sergachev 60 0 5 0
2 Devon Toews Nicolas Hague 40 0 5 0
4 vs 4 Forward
Center Wing Time % Phy DF OF
1 Phillip Danault Nikolaj Ehlers 60 0 2 3
2 Bo Horvat Bryan Rust 40 0 2 3
4 vs 4 Defense
Defense Defense Time % Phy DF OF
1 Nicolas Hague Seth Jones 60 0 4 1
2 Devon Toews Brent Burns 40 0 2 3
Last Minutes Offensive
Center Left Wing Right Wing Defense Defense
Steven Stamkos Vladimir Tarasenko Matthew Tkachuk Brent Burns Devon Toews
Last Minutes Defensive
Center Left Wing Right Wing Defense Defense
Pius Suter Lawson Crouse Phillip Danault Seth Jones Brent Burns
Goaltenders
Starting : Ilya Sorokin
Backup : Jordan Binnington
Extra Forwards
Normal : Lawson Crouse, Vladimir Tarasenko, Phillip Danault - PP : Bo Horvat, Nikolaj Ehlers - PK : Bo Horvat
Extra Defensemen
Normal : Seth Jones, Nicolas Hague, Devon Toews - PP : Seth Jones - PK : Nicolas Hague, Devon Toews
Penalty Shots
Phillip Danault, Matt Duchene, Devon Toews, Bo Horvat, Pius Suter
% Time on Ice - Edmonton Oilers
Lines # - Real PCT - Wanted PCT - Time Play
Normal Forward
1 - 29% - 30% - 13:54
2 - 29% - 30% - 13:48
3 - 26% - 25% - 12:23
4 - 17% - 15% - 8:01
Normal Defense
1 - 33% - 32% - 15:43
2 - 33% - 32% - 15:48
3 - 29% - 26% - 14:07
4 - 5% - 10% - 2:28
PP Forward
1 - 50% - 50% - 1:00
2 - 50% - 50% - 0:59
PP Defense
1 - 55% - 50% - 1:06
2 - 45% - 50% - 0:53
PK Forward
1 - 51% - 50% - 5:02
2 - 49% - 50% - 4:53
PK Defense
1 - 45% - 50% - 4:26
2 - 55% - 50% - 5:29
PK3 Forward
1 - 0% - 50%
2 - 0% - 50%
PK3 Defense
1 - 0% - 50%
2 - 0% - 50%
44 Forward
1 - 53% - 50% - 0:30
2 - 47% - 50% - 0:27
44 Defense
1 - 79% - 50% - 0:45
2 - 21% - 50% - 0:12
Last Minute Offensive - 0:00
Last Minute Defensive - 0:00
Total
Forward - 60:57
Defense - 60:57
|
% Time on Ice - Chicago Black Hawks
Lines # - Real PCT - Wanted PCT - Time Play
Normal Forward
1 - 35% - 40% - 16:46
2 - 27% - 30% - 13:11
3 - 19% - 20% - 9:13
4 - 19% - 10% - 8:56
Normal Defense
1 - 34% - 35% - 16:32
2 - 34% - 35% - 16:30
3 - 31% - 30% - 14:53
4 - 0% - 0% - 0:11
PP Forward
1 - 60% - 60% - 5:56
2 - 40% - 40% - 3:59
PP Defense
1 - 61% - 60% - 6:03
2 - 39% - 40% - 3:52
PK Forward
1 - 85% - 60% - 1:41
2 - 15% - 40% - 0:18
PK Defense
1 - 53% - 60% - 1:03
2 - 47% - 40% - 0:56
PK3 Forward
1 - 0% - 60%
2 - 0% - 40%
PK3 Defense
1 - 0% - 60%
2 - 0% - 40%
44 Forward
1 - 81% - 60% - 0:46
2 - 19% - 40% - 0:11
44 Defense
1 - 100% - 60% - 0:57
2 - 0% - 40% - 0:00
Last Minute Offensive - 0:00
Last Minute Defensive - 0:00
Total
Forward - 60:57
Defense - 60:57
|
Play-by-Play
1st period
0:01 of 1st period - Steven Stamkos wins face-off versus Jeff Carter in neutral zone.
0:04 of 1st period - Snap shot by Matt Duchene.
0:04 of 1st period - Stopped by Jonathan Quick without a rebound.
0:05 of 1st period - Jeff Carter wins face-off versus Steven Stamkos in Edmonton Oilers zone.
0:10 of 1st period - Snap shot by Steven Stamkos.
0:10 of 1st period - Stopped by Jonathan Quick without a rebound.
0:11 of 1st period - Boone Jenner wins face-off versus Chris Kreider in Edmonton Oilers zone.
0:24 of 1st period - Snap shot by Boone Jenner.
0:24 of 1st period - Shot Misses the Net.
0:26 of 1st period - Wrist shot by Cam Atkinson.
0:26 of 1st period - Shot Misses the Net.
0:28 of 1st period - Wrist shot by Cam Atkinson.
0:28 of 1st period - Stopped by Ilya Sorokin without a rebound.
0:29 of 1st period - Phillip Danault wins face-off versus Ryan Getzlaf in Chicago Black Hawks zone.
0:34 of 1st period - Wrist shot by Vladimir Tarasenko.
0:34 of 1st period - Stopped by Jonathan Quick with a rebound.
0:44 of 1st period - Nicolas Hague is hit by Brandon Carlo.
1:38 of 1st period - Brett Pesce is hit by Bo Horvat and loses puck.
2:25 of 1st period - Icing by Matt Duchene.
2:26 of 1st period - Jeff Carter wins face-off versus Steven Stamkos in Chicago Black Hawks zone.
2:29 of 1st period - Wrist shot by Jamie Benn.
2:29 of 1st period - Stopped by Ilya Sorokin with a rebound.
2:31 of 1st period - Slapshot by Brandon Carlo.
2:31 of 1st period - Stopped by Ilya Sorokin without a rebound.
2:32 of 1st period - Boone Jenner wins face-off versus Steven Stamkos in Chicago Black Hawks zone.
2:49 of 1st period - Snap shot by Boone Jenner.
2:49 of 1st period - Shot Misses the Net.
3:23 of 1st period - Mikhail Sergachev is hit by Paul Stastny and loses puck.
3:42 of 1st period - Damon Severson is hit by Mikhail Sergachev and loses puck.
3:51 of 1st period - Snap shot by Nikolaj Ehlers.
3:51 of 1st period - Deflect By Vladimir Tarasenko.
3:51 of 1st period - Stopped by Jonathan Quick without a rebound.
3:52 of 1st period - Boone Jenner wins face-off versus Steven Stamkos in Edmonton Oilers zone.
3:52 of 1st period - Boone Jenner is hit by Matt Duchene.
4:01 of 1st period - Off-side.
4:02 of 1st period - Boone Jenner wins face-off versus Steven Stamkos in neutral zone.
4:09 of 1st period - Backhand shot by Matthew Tkachuk.
4:09 of 1st period - Shot Misses the Net.
4:19 of 1st period - Snap shot by Matt Duchene.
4:19 of 1st period - Stopped by Jonathan Quick without a rebound.
4:20 of 1st period - Bo Horvat wins face-off versus Jeff Carter in Edmonton Oilers zone.
5:00 of 1st period - Wrist shot by Adrian Kempe.
5:00 of 1st period - Stopped by Ilya Sorokin without a rebound.
5:01 of 1st period - Steven Stamkos wins face-off versus Ryan Getzlaf in Chicago Black Hawks zone.
5:01 of 1st period - Steven Stamkos is hit by Ryan Getzlaf.
5:17 of 1st period - Snap shot by Brock Boeser.
5:17 of 1st period - Deflect By Matt Duchene.
5:17 of 1st period - Shot Misses the Net.
5:17 of 1st period - Puck is out of play.
5:18 of 1st period - Boone Jenner wins face-off versus Phillip Danault in Chicago Black Hawks zone.
5:29 of 1st period - Wrist shot by David Perron.
5:29 of 1st period - Stopped by Ilya Sorokin without a rebound.
5:30 of 1st period - Mikael Backlund wins face-off versus Steven Stamkos in Chicago Black Hawks zone.
5:35 of 1st period - Wrist shot by Paul Stastny.
5:35 of 1st period - Shot Blocked by Steven Stamkos.
5:55 of 1st period - Jakub Voracek is hit by Devon Toews and loses puck.
6:00 of 1st period - Wrist shot by Travis Konecny.
6:00 of 1st period - Shot Misses the Net.
6:02 of 1st period - Slapshot by Seth Jones.
6:02 of 1st period - Stopped by Jonathan Quick with a rebound.
6:04 of 1st period - Slapshot by Devon Toews.
6:04 of 1st period - Shot Misses the Net.
6:06 of 1st period - Slapshot by Seth Jones.
6:06 of 1st period - Goal by Seth Jones - Edmonton Oilers : 0 - Chicago Black Hawks : 1.
6:07 of 1st period - Boone Jenner wins face-off versus Steven Stamkos in neutral zone.
6:23 of 1st period - Wrist shot by Cam Atkinson.
6:23 of 1st period - Stopped by Ilya Sorokin without a rebound.
6:24 of 1st period - Phillip Danault wins face-off versus Jeff Carter in Chicago Black Hawks zone.
6:35 of 1st period - Snap shot by Adrian Kempe.
6:35 of 1st period - Shot Blocked by Vladimir Tarasenko.
6:37 of 1st period - Snap shot by Adrian Kempe.
6:37 of 1st period - Stopped by Ilya Sorokin without a rebound.
6:38 of 1st period - Ryan Getzlaf wins face-off versus Steven Stamkos in Chicago Black Hawks zone.
6:47 of 1st period - Snap shot by Brock Boeser.
6:47 of 1st period - Shot Hit the Post.
6:53 of 1st period - Snap shot by Matt Duchene.
6:53 of 1st period - Deflect By Brock Boeser.
6:53 of 1st period - Stopped by Jonathan Quick without a rebound.
6:54 of 1st period - Boone Jenner wins face-off versus Bo Horvat in Edmonton Oilers zone.
6:54 of 1st period - Boone Jenner is hit by Travis Konecny.
6:57 of 1st period - Icing by Cam Atkinson.
6:58 of 1st period - Boone Jenner wins face-off versus Bo Horvat in Edmonton Oilers zone.
7:03 of 1st period - Bo Horvat is hit by David Perron and loses puck.
7:26 of 1st period - Wrist shot by Matt Duchene.
7:26 of 1st period - Stopped by Jonathan Quick without a rebound.
7:27 of 1st period - Jamie Benn wins face-off versus Steven Stamkos in Edmonton Oilers zone.
7:48 of 1st period - Snap shot by Jamie Benn.
7:48 of 1st period - Shot Hit the Post.
7:52 of 1st period - Backhand shot by Jamie Benn.
7:52 of 1st period - Goal by Jamie Benn - Edmonton Oilers : 1 - Chicago Black Hawks : 1.
7:53 of 1st period - Phillip Danault wins face-off versus Jakob Silfverberg in neutral zone.
8:28 of 1st period - Snap shot by Lawson Crouse.
8:28 of 1st period - Shot Misses the Net.
8:30 of 1st period - Snap shot by Bryan Rust.
8:30 of 1st period - Stopped by Jonathan Quick with a rebound.
9:02 of 1st period - Matt Duchene is hit by David Perron and loses puck.
10:24 of 1st period - Backhand shot by Chris Kreider.
10:24 of 1st period - Stopped by Jonathan Quick without a rebound.
10:25 of 1st period - Jeff Carter wins face-off versus Steven Stamkos in Edmonton Oilers zone.
10:36 of 1st period - Wrist shot by Jamie Benn.
10:36 of 1st period - Shot Misses the Net.
11:01 of 1st period - Snap shot by Jeff Carter.
11:01 of 1st period - Shot Misses the Net.
11:03 of 1st period - Slapshot by Anton Stralman.
11:03 of 1st period - Shot Blocked by Seth Jones.
11:05 of 1st period - Snap shot by Jamie Benn.
11:05 of 1st period - Shot Misses the Net.
11:07 of 1st period - Snap shot by Damon Severson.
11:07 of 1st period - Stopped by Ilya Sorokin with a rebound.
11:09 of 1st period - Wrist shot by Adrian Kempe.
11:09 of 1st period - Stopped by Ilya Sorokin with a rebound.
11:13 of 1st period - Snap shot by Jamie Benn.
11:13 of 1st period - Shot Misses the Net.
11:15 of 1st period - Slapshot by Damon Severson.
11:15 of 1st period - Deflect By Jeff Carter.
11:15 of 1st period - Goal by Jeff Carter - Edmonton Oilers : 2 - Chicago Black Hawks : 1.
11:16 of 1st period - Steven Stamkos wins face-off versus Ryan Getzlaf in neutral zone.
11:19 of 1st period - Snap shot by Matthew Tkachuk.
11:19 of 1st period - Shot Misses the Net.
12:29 of 1st period - Slapshot by Bryan Rust.
12:29 of 1st period - Stopped by Jonathan Quick without a rebound.
12:30 of 1st period - Pius Suter wins face-off versus Boone Jenner in Edmonton Oilers zone.
13:32 of 1st period - Snap shot by Bryan Rust.
13:32 of 1st period - Stopped by Jonathan Quick with a rebound.
13:34 of 1st period - Slapshot by Pius Suter.
13:34 of 1st period - Shot Misses the Net.
14:06 of 1st period - Wrist shot by Pius Suter.
14:06 of 1st period - Shot Misses the Net.
14:08 of 1st period - Snap shot by Seth Jones.
14:08 of 1st period - Shot Misses the Net.
14:10 of 1st period - Slapshot by Devon Toews.
14:10 of 1st period - Shot Blocked by Jakub Voracek.
14:12 of 1st period - Wrist shot by Pius Suter.
14:12 of 1st period - Stopped by Jonathan Quick without a rebound.
14:13 of 1st period - Boone Jenner wins face-off versus Steven Stamkos in Edmonton Oilers zone.
14:20 of 1st period - Slapshot by Boone Jenner.
14:20 of 1st period - Deflect By Steven Stamkos.
14:20 of 1st period - Stopped by Ilya Sorokin without a rebound.
14:21 of 1st period - Steven Stamkos wins face-off versus Boone Jenner in Chicago Black Hawks zone.
15:04 of 1st period - Snap shot by Cam Atkinson.
15:04 of 1st period - Stopped by Ilya Sorokin without a rebound.
15:05 of 1st period - Bo Horvat wins face-off versus Jeff Carter in Chicago Black Hawks zone.
16:05 of 1st period - Slapshot by Adrian Kempe.
16:05 of 1st period - Stopped by Ilya Sorokin with a rebound.
17:28 of 1st period - Wrist shot by Jakub Voracek.
17:28 of 1st period - Shot Blocked by Travis Konecny.
19:41 of 1st period - Snap shot by Mikael Backlund.
19:41 of 1st period - Stopped by Ilya Sorokin without a rebound.
19:42 of 1st period - Jeff Carter wins face-off versus Phillip Danault in Chicago Black Hawks zone.
19:53 of 1st period - Snap shot by Adrian Kempe.
19:53 of 1st period - Stopped by Ilya Sorokin without a rebound.
19:54 of 1st period - Jeff Carter wins face-off versus Steven Stamkos in Chicago Black Hawks zone.
19:55 of 1st period - Snap shot by Adrian Kempe.
19:55 of 1st period - Stopped by Ilya Sorokin without a rebound.
19:56 of 1st period - Steven Stamkos wins face-off versus Jeff Carter in Chicago Black Hawks zone.
Goals for this period are 2 for Edmonton Oilers vs 1 for Chicago Black Hawks.
Shots for this period are 17 for Edmonton Oilers vs 14 for Chicago Black Hawks.
2nd period
0:01 of 2nd period - Boone Jenner wins face-off versus Steven Stamkos in neutral zone.
0:16 of 2nd period - Wrist shot by Cam Atkinson.
0:16 of 2nd period - Shot Misses the Net.
0:19 of 2nd period - Icing by Brent Burns.
0:20 of 2nd period - Jeff Carter wins face-off versus Matt Duchene in Chicago Black Hawks zone.
0:23 of 2nd period - Wrist shot by Adrian Kempe.
0:23 of 2nd period - Deflect By Steven Stamkos.
0:23 of 2nd period - Stopped by Ilya Sorokin with a rebound.
0:50 of 2nd period - Snap shot by Matt Duchene.
0:50 of 2nd period - Shot Blocked by Jacob Trouba.
0:52 of 2nd period - Snap shot by Matt Duchene.
0:52 of 2nd period - Shot Misses the Net.
0:54 of 2nd period - Snap shot by Steven Stamkos.
0:54 of 2nd period - Deflect By Cam Atkinson.
0:54 of 2nd period - Shot Blocked by Brett Pesce.
0:54 of 2nd period - Puck is out of play.
0:55 of 2nd period - Bo Horvat wins face-off versus Ryan Getzlaf in Edmonton Oilers zone.
1:04 of 2nd period - Backhand shot by Brock Boeser.
1:04 of 2nd period - Deflect By Ryan Getzlaf.
1:04 of 2nd period - Shot Misses the Net.
1:04 of 2nd period - Puck is out of play.
1:05 of 2nd period - Bo Horvat wins face-off versus Ryan Getzlaf in Chicago Black Hawks zone.
1:22 of 2nd period - Slapshot by Ryan Getzlaf.
1:22 of 2nd period - Deflect By Brock Boeser.
1:22 of 2nd period - Shot Blocked by Rasmus Andersson.
1:22 of 2nd period - Puck is out of play.
1:23 of 2nd period - Steven Stamkos wins face-off versus Jeff Carter in Chicago Black Hawks zone.
2:58 of 2nd period - Wrist shot by Matt Duchene.
2:58 of 2nd period - Shot Misses the Net.
3:17 of 2nd period - Wrist shot by Matt Duchene.
3:17 of 2nd period - Shot Misses the Net.
4:20 of 2nd period - Wrist shot by Steven Stamkos.
4:20 of 2nd period - Shot Misses the Net.
4:42 of 2nd period - Wrist shot by Jakob Silfverberg.
4:42 of 2nd period - Shot Misses the Net.
4:44 of 2nd period - Slapshot by Brett Pesce.
4:44 of 2nd period - Stopped by Ilya Sorokin without a rebound.
4:45 of 2nd period - Bo Horvat wins face-off versus Boone Jenner in Chicago Black Hawks zone.
4:55 of 2nd period - Off-side.
4:56 of 2nd period - Jeff Carter wins face-off versus Bo Horvat in neutral zone.
5:15 of 2nd period - Damon Severson is hit by Nicolas Hague and loses puck.
5:35 of 2nd period - Snap shot by Vladimir Tarasenko.
5:35 of 2nd period - Deflect By Boone Jenner.
5:35 of 2nd period - Shot Blocked by Cam Atkinson.
5:35 of 2nd period - Puck is out of play.
5:36 of 2nd period - Boone Jenner wins face-off versus Pius Suter in Edmonton Oilers zone.
6:07 of 2nd period - Nicolas Hague is hit by Boone Jenner.
6:26 of 2nd period - Snap shot by Bo Horvat.
6:26 of 2nd period - Shot Misses the Net.
6:28 of 2nd period - Snap shot by Bo Horvat.
6:28 of 2nd period - Stopped by Jonathan Quick with a rebound.
6:30 of 2nd period - Snap shot by Travis Konecny.
6:30 of 2nd period - Stopped by Jonathan Quick with a rebound.
6:32 of 2nd period - Wrist shot by Travis Konecny.
6:32 of 2nd period - Shot Misses the Net.
6:34 of 2nd period - Snap shot by Bo Horvat.
6:34 of 2nd period - Stopped by Jonathan Quick with a rebound.
6:55 of 2nd period - Wrist shot by Brock Boeser.
6:55 of 2nd period - Deflect By Ryan Getzlaf.
6:55 of 2nd period - Shot Misses the Net.
6:55 of 2nd period - Puck is out of play.
6:56 of 2nd period - Jeff Carter wins face-off versus Chris Kreider in Chicago Black Hawks zone.
7:07 of 2nd period - Snap shot by Bo Horvat.
7:07 of 2nd period - Shot Blocked by Anton Stralman.
7:09 of 2nd period - Wrist shot by Bo Horvat.
7:09 of 2nd period - Stopped by Jonathan Quick without a rebound.
7:10 of 2nd period - Bo Horvat wins face-off versus Ryan Getzlaf in Edmonton Oilers zone.
7:21 of 2nd period - Backhand shot by Bo Horvat.
7:21 of 2nd period - Shot Misses the Net.
7:59 of 2nd period - Lawson Crouse is hit by David Perron.
9:01 of 2nd period - Slapshot by Pius Suter.
9:01 of 2nd period - Stopped by Jonathan Quick with a rebound.
10:25 of 2nd period - Minor Penalty to Jakob Silfverberg for Tripping.
10:26 of 2nd period - Mikael Backlund wins face-off versus Steven Stamkos in Edmonton Oilers zone.
10:26 of 2nd period - Mikael Backlund is hit by Vladimir Tarasenko.
10:44 of 2nd period - Mikael Backlund is hit by Vladimir Tarasenko and loses puck.
12:25 of 2nd period - Penalty to Jakob Silfverberg is over, Jakob Silfverberg is back on ice.
12:32 of 2nd period - Wrist shot by Ryan Getzlaf.
12:32 of 2nd period - Stopped by Ilya Sorokin without a rebound.
12:33 of 2nd period - Ryan Getzlaf wins face-off versus Pius Suter in Chicago Black Hawks zone.
12:58 of 2nd period - Brandon Carlo is hit by Travis Konecny and loses puck.
13:15 of 2nd period - Wrist shot by Adrian Kempe.
13:15 of 2nd period - Stopped by Ilya Sorokin with a rebound.
13:17 of 2nd period - Snap shot by Adrian Kempe.
13:17 of 2nd period - Shot Misses the Net.
13:19 of 2nd period - Snap shot by Jeff Carter.
13:19 of 2nd period - Stopped by Ilya Sorokin without a rebound.
13:20 of 2nd period - Matt Duchene wins face-off versus Boone Jenner in Chicago Black Hawks zone.
13:31 of 2nd period - Slapshot by Matt Duchene.
13:31 of 2nd period - Shot Misses the Net.
13:33 of 2nd period - Snap shot by Matt Duchene.
13:33 of 2nd period - Goal by Matt Duchene - Edmonton Oilers : 2 - Chicago Black Hawks : 2.
13:34 of 2nd period - Bo Horvat wins face-off versus Jeff Carter in neutral zone.
13:44 of 2nd period - Off-side.
13:45 of 2nd period - Steven Stamkos wins face-off versus Cam Atkinson in neutral zone.
13:56 of 2nd period - Cam Atkinson is hit by Steven Stamkos and loses puck.
14:44 of 2nd period - Snap shot by Lawson Crouse.
14:44 of 2nd period - Stopped by Jonathan Quick without a rebound.
14:45 of 2nd period - Boone Jenner wins face-off versus Steven Stamkos in Edmonton Oilers zone.
14:45 of 2nd period - Boone Jenner is hit by Nicolas Hague.
14:48 of 2nd period - Minor Penalty to Boone Jenner for Hooking.
14:49 of 2nd period - Steven Stamkos wins face-off versus Jeff Carter in Edmonton Oilers zone.
15:04 of 2nd period - Icing by Steven Stamkos.
15:05 of 2nd period - Steven Stamkos wins face-off versus Mikael Backlund in Chicago Black Hawks zone.
15:10 of 2nd period - Backhand shot by Brent Burns.
15:10 of 2nd period - Stopped by Jonathan Quick without a rebound.
15:11 of 2nd period - Mikael Backlund wins face-off versus Steven Stamkos in Edmonton Oilers zone.
16:03 of 2nd period - Devon Toews is hit by Brett Pesce.
16:33 of 2nd period - Vladimir Tarasenko is hit by Jeff Carter and loses puck.
16:48 of 2nd period - Penalty to Boone Jenner is over, Boone Jenner is back on ice.
16:56 of 2nd period - Snap shot by Mikael Backlund.
16:56 of 2nd period - Stopped by Ilya Sorokin with a rebound.
16:58 of 2nd period - Slapshot by Damon Severson.
16:58 of 2nd period - Stopped by Ilya Sorokin without a rebound.
16:59 of 2nd period - Boone Jenner wins face-off versus Bryan Rust in Chicago Black Hawks zone.
17:06 of 2nd period - Slapshot by Boone Jenner.
17:06 of 2nd period - Shot Blocked by Lawson Crouse.
17:51 of 2nd period - Slapshot by Ryan Getzlaf.
17:51 of 2nd period - Shot Blocked by Devon Toews.
17:53 of 2nd period - Slapshot by Jacob Trouba.
17:53 of 2nd period - Deflect By Ryan Getzlaf.
17:53 of 2nd period - Shot Misses the Net.
17:53 of 2nd period - Puck is out of play.
17:54 of 2nd period - Cam Atkinson wins face-off versus Bo Horvat in Chicago Black Hawks zone.
18:01 of 2nd period - Snap shot by Cam Atkinson.
18:01 of 2nd period - Deflect By David Perron.
18:01 of 2nd period - Shot Misses the Net.
18:01 of 2nd period - Puck is out of play.
18:02 of 2nd period - Boone Jenner wins face-off versus Bo Horvat in Chicago Black Hawks zone.
18:17 of 2nd period - Slapshot by Brent Burns.
18:17 of 2nd period - Shot Blocked by Damon Severson.
18:19 of 2nd period - Slapshot by Mikhail Sergachev.
18:19 of 2nd period - Stopped by Jonathan Quick without a rebound.
18:20 of 2nd period - Jeff Carter wins face-off versus Steven Stamkos in Edmonton Oilers zone.
18:45 of 2nd period - Anton Stralman is hit by Chris Kreider and loses puck.
18:54 of 2nd period - Wrist shot by Chris Kreider.
18:54 of 2nd period - Shot Misses the Net.
18:56 of 2nd period - Slapshot by Chris Kreider.
18:56 of 2nd period - Stopped by Jonathan Quick with a rebound.
18:58 of 2nd period - Slapshot by Travis Konecny.
18:58 of 2nd period - Stopped by Jonathan Quick with a rebound.
Goals for this period are 0 for Edmonton Oilers vs 1 for Chicago Black Hawks.
Shots for this period are 7 for Edmonton Oilers vs 11 for Chicago Black Hawks.
3rd period
0:01 of 3rd period - Jeff Carter wins face-off versus Steven Stamkos in neutral zone.
0:04 of 3rd period - Matt Duchene is hit by Adrian Kempe and loses puck.
0:32 of 3rd period - Travis Konecny is hit by Boone Jenner and loses puck.
0:37 of 3rd period - Snap shot by Boone Jenner.
0:37 of 3rd period - Stopped by Ilya Sorokin without a rebound.
0:38 of 3rd period - Brock Boeser wins face-off versus Steven Stamkos in Chicago Black Hawks zone.
0:39 of 3rd period - Wrist shot by Jakub Voracek.
0:39 of 3rd period - Deflect By Steven Stamkos.
0:39 of 3rd period - Shot Misses the Net.
0:39 of 3rd period - Puck is out of play.
0:40 of 3rd period - Steven Stamkos wins face-off versus Jakub Voracek in Chicago Black Hawks zone.
0:40 of 3rd period - Steven Stamkos is hit by Jacob Trouba.
0:51 of 3rd period - Minor Penalty to Jacob Trouba for Holding.
0:52 of 3rd period - Matt Duchene wins face-off versus Mikael Backlund in Edmonton Oilers zone.
0:52 of 3rd period - Snap shot by Steven Stamkos.
0:52 of 3rd period - Shot Blocked by Duncan Keith.
0:54 of 3rd period - Wrist shot by Matt Duchene.
0:54 of 3rd period - Stopped by Jonathan Quick with a rebound.
0:56 of 3rd period - Slapshot by Brent Burns.
0:56 of 3rd period - Stopped by Jonathan Quick without a rebound.
0:57 of 3rd period - Steven Stamkos wins face-off versus Mikael Backlund in Edmonton Oilers zone.
1:02 of 3rd period - Snap shot by Steven Stamkos.
1:02 of 3rd period - Stopped by Jonathan Quick with a rebound.
1:06 of 3rd period - Snap shot by Steven Stamkos.
1:06 of 3rd period - Deflect By Matt Duchene.
1:06 of 3rd period - Shot Misses the Net.
1:06 of 3rd period - Puck is out of play.
1:07 of 3rd period - Jeff Carter wins face-off versus Steven Stamkos in Edmonton Oilers zone.
1:20 of 3rd period - Slapshot by Boone Jenner.
1:20 of 3rd period - Deflect By Jeff Carter.
1:20 of 3rd period - Shot Misses the Net.
1:20 of 3rd period - Puck is out of play.
1:21 of 3rd period - Steven Stamkos wins face-off versus Mikael Backlund in Chicago Black Hawks zone.
1:38 of 3rd period - Slapshot by Seth Jones.
1:38 of 3rd period - Shot Blocked by Jeff Carter.
2:51 of 3rd period - Penalty to Jacob Trouba is over, Jacob Trouba is back on ice.
3:04 of 3rd period - Lawson Crouse is hit by Brandon Carlo and loses puck.
3:11 of 3rd period - Seth Jones is hit by Brandon Carlo and loses puck.
3:47 of 3rd period - Icing by Jeff Carter.
3:48 of 3rd period - Jeff Carter wins face-off versus Steven Stamkos in Edmonton Oilers zone.
3:48 of 3rd period - Jeff Carter is hit by Steven Stamkos.
4:13 of 3rd period - Off-side.
4:14 of 3rd period - Pius Suter wins face-off versus Ryan Getzlaf in neutral zone.
4:17 of 3rd period - Slapshot by Brent Burns.
4:17 of 3rd period - Stopped by Jonathan Quick with a rebound.
4:39 of 3rd period - Snap shot by Chris Kreider.
4:39 of 3rd period - Stopped by Jonathan Quick with a rebound.
4:41 of 3rd period - Slapshot by Nicolas Hague.
4:41 of 3rd period - Stopped by Jonathan Quick without a rebound.
4:42 of 3rd period - Boone Jenner wins face-off versus Bo Horvat in Edmonton Oilers zone.
5:08 of 3rd period - Steven Stamkos is hit by Jeff Carter.
6:23 of 3rd period - Wrist shot by Lawson Crouse.
6:23 of 3rd period - Deflect By Pius Suter.
6:23 of 3rd period - Stopped by Jonathan Quick without a rebound.
6:24 of 3rd period - Steven Stamkos wins face-off versus Boone Jenner in Edmonton Oilers zone.
6:51 of 3rd period - David Perron is hit by Nikolaj Ehlers and loses puck.
7:25 of 3rd period - Minor Penalty to Adrian Kempe for Tripping.
7:26 of 3rd period - Steven Stamkos wins face-off versus Mikael Backlund in Edmonton Oilers zone.
8:21 of 3rd period - Mikael Backlund is hit by Seth Jones and loses puck.
8:30 of 3rd period - Wrist shot by Bo Horvat.
8:30 of 3rd period - Stopped by Jonathan Quick without a rebound.
8:31 of 3rd period - Steven Stamkos wins face-off versus Jeff Carter in Edmonton Oilers zone.
9:25 of 3rd period - Penalty to Adrian Kempe is over, Adrian Kempe is back on ice.
10:10 of 3rd period - Minor Penalty to Brandon Carlo for High sticking.
10:11 of 3rd period - Steven Stamkos wins face-off versus Mikael Backlund in Edmonton Oilers zone.
11:07 of 3rd period - Icing by Matt Duchene.
11:08 of 3rd period - Vladimir Tarasenko wins face-off versus Mikael Backlund in Chicago Black Hawks zone.
12:10 of 3rd period - Penalty to Brandon Carlo is over, Brandon Carlo is back on ice.
12:18 of 3rd period - Snap shot by Brock Boeser.
12:18 of 3rd period - Stopped by Ilya Sorokin without a rebound.
12:19 of 3rd period - Ryan Getzlaf wins face-off versus Pius Suter in Chicago Black Hawks zone.
12:44 of 3rd period - Snap shot by Lawson Crouse.
12:44 of 3rd period - Deflect By Damon Severson.
12:44 of 3rd period - Shot Misses the Net.
12:44 of 3rd period - Puck is out of play.
12:45 of 3rd period - Boone Jenner wins face-off versus Steven Stamkos in Edmonton Oilers zone.
12:45 of 3rd period - Boone Jenner is hit by Matthew Tkachuk.
13:47 of 3rd period - Snap shot by Jakub Voracek.
13:47 of 3rd period - Stopped by Ilya Sorokin without a rebound.
13:48 of 3rd period - Steven Stamkos wins face-off versus Boone Jenner in Chicago Black Hawks zone.
13:55 of 3rd period - Slapshot by Rasmus Andersson.
13:55 of 3rd period - Shot Misses the Net.
13:59 of 3rd period - Wrist shot by Steven Stamkos.
13:59 of 3rd period - Shot Hit the Post.
14:01 of 3rd period - Snap shot by Matt Duchene.
14:01 of 3rd period - Stopped by Jonathan Quick with a rebound.
14:43 of 3rd period - Backhand shot by Nikolaj Ehlers.
14:43 of 3rd period - Stopped by Jonathan Quick without a rebound.
14:44 of 3rd period - Steven Stamkos wins face-off versus Jeff Carter in Edmonton Oilers zone.
15:32 of 3rd period - Snap shot by Jamie Benn.
15:32 of 3rd period - Shot Misses the Net.
15:34 of 3rd period - Snap shot by Jamie Benn.
15:34 of 3rd period - Shot Misses the Net.
15:36 of 3rd period - Slapshot by Jamie Benn.
15:36 of 3rd period - Shot Misses the Net.
15:38 of 3rd period - Wrist shot by Adrian Kempe.
15:38 of 3rd period - Shot Misses the Net.
15:40 of 3rd period - Snap shot by Brett Pesce.
15:40 of 3rd period - Stopped by Ilya Sorokin with a rebound.
15:42 of 3rd period - Snap shot by Jacob Trouba.
15:42 of 3rd period - Stopped by Ilya Sorokin without a rebound.
15:43 of 3rd period - Nikolaj Ehlers wins face-off versus Ryan Getzlaf in Chicago Black Hawks zone.
16:10 of 3rd period - Ryan Getzlaf is hit by Matt Duchene and loses puck.
16:26 of 3rd period - Minor Penalty to Matthew Tkachuk for Hooking.
16:27 of 3rd period - Boone Jenner wins face-off versus Pius Suter in Chicago Black Hawks zone.
16:31 of 3rd period - Slapshot by David Perron.
16:31 of 3rd period - Shot Misses the Net.
16:33 of 3rd period - Snap shot by Jacob Trouba.
16:33 of 3rd period - Stopped by Ilya Sorokin with a rebound.
16:35 of 3rd period - Snap shot by Cam Atkinson.
16:35 of 3rd period - Deflect By Lawson Crouse.
16:35 of 3rd period - Stopped by Ilya Sorokin with a rebound.
16:37 of 3rd period - Snap shot by Jakub Voracek.
16:37 of 3rd period - Stopped by Ilya Sorokin with a rebound.
17:41 of 3rd period - Devon Toews is hit by Jacob Trouba and loses puck.
18:26 of 3rd period - Penalty to Matthew Tkachuk is over, Matthew Tkachuk is back on ice.
18:33 of 3rd period - Wrist shot by Vladimir Tarasenko.
18:33 of 3rd period - Shot Misses the Net.
18:35 of 3rd period - Backhand shot by Phillip Danault.
18:35 of 3rd period - Shot Misses the Net.
18:37 of 3rd period - Slapshot by Nicolas Hague.
18:37 of 3rd period - Stopped by Jonathan Quick with a rebound.
18:44 of 3rd period - Off-side.
18:45 of 3rd period - Boone Jenner wins face-off versus Matt Duchene in neutral zone.
18:52 of 3rd period - Brett Pesce is hit by Matthew Tkachuk and loses puck.
19:56 of 3rd period - Slapshot by Vladimir Tarasenko.
19:56 of 3rd period - Stopped by Jonathan Quick with a rebound.
Goals for this period are 0 for Edmonton Oilers vs 0 for Chicago Black Hawks.
Shots for this period are 8 for Edmonton Oilers vs 12 for Chicago Black Hawks.
Overtime #1
0:01 of 1st overtime period - Boone Jenner wins face-off versus Phillip Danault in neutral zone.
0:06 of 1st overtime period - Seth Jones is hit by Damon Severson and loses puck.
0:55 of 1st overtime period - Slapshot by Seth Jones.
0:55 of 1st overtime period - Shot Misses the Net.
0:57 of 1st overtime period - Snap shot by Bo Horvat.
0:57 of 1st overtime period - Goal by Bo Horvat - Edmonton Oilers : 2 - Chicago Black Hawks : 3.
Goals for this period are 0 for Edmonton Oilers vs 1 for Chicago Black Hawks.
Shots for this period are 0 for Edmonton Oilers vs 1 for Chicago Black Hawks.
Back to the Top